AoeStats
← FrankSinatrap

Four Lakes

509999579Analyzed
1v1 RM · 4d ago on Sep 29, 2026· 29m 17s· 2 players
Game mode
Random Map
Map size
Tiny (2 player)
Population
200
Speed
Normal
Resources
Standard
Victory
Conquest
Starting age
Dark Age
Ending age
Imperial Age
RankedLock teamsTeams togetherTeam positionsShared explorationLock speedFull tech treeHidden civsTurbo modeCheats
Victory
Defeat
🇲🇽 Dravidians · Mexico
1291
+15
🇺🇸 Varangians · United States
1279
-30
irishfan2013
5:23 Loom
11:09 Feudal Age
12:11 Double-Bit Axe
19:38 Castle Age
17:52 Forging
17:41 Stone Mining
18:43 Scale Barding Armor
20:50 Horse Collar
22:02 Gold Mining
22:37 Bow Saw
25:38 Husbandry
27:29 Bloodlines
29:11 Elite Skirmisher
FrankSinatrap
7:13 Loom
10:17 Feudal Age
11:12 Fishing Lines
12:26 Double-Bit Axe
21:27 Castle Age
21:35 Castle Age
20:39 Fletching
21:08 Gold Mining
22:53 Bodkin Arrow
24:00 Padded Archer Armor
25:32 Ballistics
26:39 Stone Mining
27:25 Thumb Ring
28:04 Leather Archer Armor
28:55 Wheelbarrow
Connection lost

Rejoining the realm…

Still unreachable

The connection could not be restored.

Session expired

The server has moved on; the page needs a fresh start.